 Dungeon Crawl Stone Soup version 0.22-a0-348-gd16d1391c7 (webtiles) character file.

56 Laan the Magician (level 3, -9/24 HPs)
             Began as a Mummy Fire Elementalist on Apr 8, 2018.
             Mangled by an iguana (12 damage)
             ... on level 4 of the Dungeon.
             The game lasted 00:03:27 (1854 turns).

Laan the Magician (Mummy Fire Elementalist)         Turns: 1854, Time: 00:03:28

Health: -9/24      AC:  2    Str: 11    XL:     3   Next: 69%
Magic:  0/8        EV: 12    Int: 15    God:
Gold:   36         SH:  0    Dex: 12    Spells: 8/9 levels left

rFire    x . .     SeeInvis .   i - +0 flail (venom)
rCold    + . .     Gourm    .   (no shield)
rNeg     + + +     Faith    .   a - +0 robe
rPois    ∞         Spirit   .   (no helmet)
rElec    .         Reflect  .   (no cloak)
rCorr    .         Harm     .   (no gloves)
MR       .....                  (no boots)
Stlth    +++.......             (no amulet)
HPRegen  0.08/turn              e - ring of stealth
MPRegen  0.11/turn              (no ring)

@: very slightly contaminated
A: no food or potions, fire vulnerability, cold resistance 1, negative energy
resistance 3, torment resistance, unbreathing
a: no special abilities


You were on level 4 of the Dungeon.
You were not hungry.

You visited 1 branch of the dungeon, and saw 3 of its levels.

You collected 36 gold pieces.

Inventory:

Hand Weapons
 b - a +0 dagger
 i - a +0 flail of venom (weapon)
Armour
 a - a +0 robe (worn)
Jewellery
 e - a ring of stealth (left hand)
 h - an uncursed ring of ice {unknown}
Scrolls
 c - 5 scrolls of remove curse {unknown}
 d - 2 scrolls of teleportation {unknown}
 f - a scroll of immolation {unknown}
 g - a scroll of fear {unknown}


   Skills:
 - Level 1.5 Dodging
 - Level 1.5 Stealth
 + Level 3.6 Spellcasting
 * Level 2.4 Conjurations
 - Level 2.4 Fire Magic


You had 8 spell levels left.
You knew the following spells:

 Your Spells              Type           Power        Failure   Level  Hunger
a - Flame Tongue          Conj/Fire      ##...        7%          1    N/A

Dungeon Overview and Level Annotations

Branches:
Dungeon (2/15)

Altars:


Innate Abilities, Weirdness & Mutations

You do not eat or drink.
Your flesh is vulnerable to fire.
You are immune to poison.
Your flesh is cold resistant. (rC+)
You are immune to negative energy. (rN+++)
You are immune to unholy pain and torment.
You can survive without breathing.


Message History

The iguana bites you!
You closely miss the iguana.
The iguana is heavily wounded.
The iguana bites you.
You completely miss the iguana.
The iguana is heavily wounded.
The iguana bites you.
* * * LOW HITPOINT WARNING * * *
The iguana bites you.
* * * LOW HITPOINT WARNING * * *
Casting: Flame Tongue (safe; 7% risk of failure)
Confirm with . or Enter, or press ? or * to list all spells.
Aiming: Flame Tongue (safe; 7% risk of failure)
Press: ? - help, Shift-Dir - straight line, f/p - iguana
Aim: an iguana (heavily wounded)
The flame tongue hits the iguana.
The iguana appears unharmed.
The iguana is heavily wounded.
The iguana bites you!
Ouch! That really hurt!
You die...

... ...o###########
..l..........>#
......)o.#
....####.## . #..#
#.# ##)# #.# #l#
#.# ..#####@###.#
### .........##.##
..# .......#.##..
...##
.......#.##.#......
.......#..#.#......
..#######.#........
. #..........
##...#...##
#...#...#


You could see an iguana and an orc wizard.

Vanquished Creatures
  An ooze (D:4)
  3 worms
  3 dart slugs
  A leopard gecko (D:1)
  2 orcs (D:4)
  2 giant cockroaches (D:1)
  3 goblins (D:1)
  5 hobgoblins
  7 kobolds
  5 bats (D:1)
  2 frilled lizards (D:1)
  2 rats (D:1)
36 creatures vanquished.

Notes
Turn   | Place    | Note
-------+----------+-------------------------------------------
     0 | D:1      | Laan the Mummy Fire Elementalist began the quest for the Orb.
     0 | D:1      | Reached XP level 1. HP: 13/13 MP: 4/4
   100 | D:1      | Reached skill level 1 in Conjurations
   345 | D:1      | Reached skill level 3 in Spellcasting
   345 | D:1      | Reached XP level 2. HP: 19/19 MP: 0/6
  1440 | D:1      | Reached XP level 3. HP: 24/24 MP: 3/7
  1818 | D:2      | You fall through a shaft for 2 floors!
  1854 | D:4      | Mangled by an iguana

Vault maps used:
D:1:      dpeg_arrival_simpleton_b, serial_park_tiny_pond, minmay_pentomino_t2
D:2:      nicolae_overflow_crystal_walls
D:4:      fedhas_altar_1

Skill      XL: |  1  2 |
---------------+-------+-----
Conjurations   | 1 2 |  2.4
Spellcasting   | 3 |  3.6
Dodging        | |  1.5
Stealth        | |  1.5
Fire Magic     | |  2.4

Action                   || total
-------------------------++-------
Melee: Dagger            ||    24
       Flail             ||     4
 Cast: Flame Tongue      ||    74
Armor: Robe              ||     7
Dodge: Dodged            ||    38

Table legend:
 A = Spawn XP
 B = Non-spawn XP
 C = Spawn XP percentage of total XP
 D = Spawn monster count
 E = Non-spawn monster count
 F = Spawn count percentage of total count
 G = Total turns spent on level
                    A         B        C        D         E        F      G
               +---------+---------+-------+---------+---------+-------+---------
         Total |       0 |      80 |   0.0 |       0 |      36 |   0.0 |  1854
               +---------+---------+-------+---------+---------+-------+---------
           D:1 |       0 |      42 |   0.0 |       0 |      24 |   0.0 |  1468
           D:2 |       0 |      25 |   0.0 |       0 |       9 |   0.0 |   350
           D:4 |       0 |      13 |   0.0 |       0 |       3 |   0.0 |    36
               +---------+---------+-------+---------+---------+-------+---------
